 Dungeon Crawl Stone Soup version 0.22-a0-223-g0f5d773 (webtiles) character file.

176871 Gorglomux the Warrior (level 17, -6/166 HPs)
             Began as a Minotaur Transmuter on Feb 18, 2018.
             Was a High Priest of Okawaru.
             Mangled by the 27-headed Lernaean hydra (10 damage)
             ... on level 4 of the Swamp.
             The game lasted 01:11:38 (40943 turns).

Gorglomux the Warrior (Minotaur Transmuter)        Turns: 40943, Time: 01:11:39

Health: -6/166     AC: 13    Str: 19    XL:     17   Next: 52%
Magic:  25/31      EV: 44    Int: 11    God:    Okawaru [*****.]
Gold:   181        SH: 15    Dex: 15    Spells: 18/18 levels left

rFire    + . .     SeeInvis .     - Unarmed
rCold    + . .     Gourm    .   C - +0 shield
rNeg     . . .     Faith    .   n - +2 robe of Vines {NoPotionHeal Regen+7}
rPois    .         Spirit   .   V - +2 hat
rElec    .         Reflect  .   p - scarf {rC+ rF+}
rCorr    .         Harm     .   J - +2 pair of gloves
MR       +....                  H - +2 pair of boots
Stlth    +++.......             x - amulet of the acrobat
HPRegen  3.17/turn              w - +2 ring of dexterity
MPRegen  0.22/turn              m - ring of Ynakho {MP+9 Slay+2}

@: lethally poisoned (-6 -> -6), about to teleport, heroism, finesse, studying
Air Magic
A: retaliatory headbutt, horns 2
a: Heroism, Finesse, Renounce Religion


You were on level 4 of the Swamp.
You worshipped Okawaru.
Okawaru was extremely pleased with you.
You were not hungry.

You visited 6 branches of the dungeon, and saw 32 of its levels.
You visited the Abyss 1 time.
You also visited: Ice Cave.

You collected 2244 gold pieces.
You spent 2063 gold pieces at shops.

Inventory:

Missiles
 a - 493 arrows
 Z - 4 throwing nets (quivered)
Armour
 j - +0 storm dragon scales
 n - the +2 robe of Vines (worn) {NoPotionHeal Regen+7}
   (You bought it in a shop on level 4 of the Dungeon)

   It increases your rate of regeneration.
 p - a scarf of resistance (worn)
 C - a +0 shield (worn)
 G - a scarf of repulsion
 H - a +2 pair of boots (worn)
 J - a +2 pair of gloves (worn)
 V - a +2 hat (worn)
Jewellery
 m - the ring of Ynakho (right hand) {MP+9 Slay+2}
   (You found it on level 5 of the Lair of Beasts)

   [ring of magical power]

   It affects your accuracy and damage with ranged weapons and melee attacks
   (+2).
   It affects your magic capacity (+9).
 w - a +2 ring of dexterity (left hand)
 x - an amulet of the acrobat (around neck)
Wands
 A - a wand of acid (7)
 D - a wand of digging (14)
 E - a wand of enslavement (35)
 I - a wand of iceblast (13)
 O - a wand of clouds (6)
 P - a wand of paralysis (42)
 S - a wand of scattershot (4)
Scrolls
 g - 11 scrolls of amnesia
 i - 12 scrolls of remove curse
 t - 5 scrolls of enchant weapon
 u - 6 scrolls of fog
 y - 5 scrolls of summoning
 M - 5 scrolls of magic mapping
 N - 2 scrolls of enchant armour
 R - 11 scrolls of identify
 T - 7 scrolls of teleportation
 X - 2 scrolls of immolation
Potions
 k - 2 potions of cancellation
 l - 4 potions of haste
 o - 4 potions of degeneration
 r - a potion of mutation {!q}
 s - 2 potions of berserk rage
 v - 3 potions of invisibility
 z - 2 potions of lignification
 F - 2 potions of agility
 K - 7 potions of heal wounds
 L - 4 potions of ambrosia
 Q - 7 potions of curing
 W - 4 potions of brilliance
 Y - a potion of might
Books
 q - a manual of Air Magic
Miscellaneous
 U - a box of beasts
Comestibles
 c - 44 rations


   Skills:
 + Level 18.7(23.7) Fighting
 - Level 4.9(9.9) Armour
 + Level 17.4(22.4) Dodging
 + Level 13.1(18.1) Shields
 + Level 17.6(22.6) Unarmed Combat
 - Level 1.3 Spellcasting
   Level 1.5 Transmutations
 - Level 9.0 Invocations


You had 18 spell levels left.
You didn't know any spells.

Dungeon Overview and Level Annotations

Branches:
Dungeon (15/15)            Temple (0/1) D:6            Lair (6/6) D:11
  Swamp (4/4) Lair:2        Snake (4/4) Lair:2        Slime (0/5) Lair:5
    Orc (2/2) D:12            Elf (1/3) Orc:2        Vaults (0/5) D:14
 Depths (0/5) D:15

Altars:
Dithmenos
Kikubaaqudgha
Makhleb
Okawaru
Trog
Wu Jian
Beogh

Shops:
D:4 }[[(   D:6 [   Orc:2 *[[%

Portals:
Trove: D:15 (give +3 storm dragon scales)

Annotations:
Lair:1 exclusion: 2 oklob plants
Swamp:2 Mara
Swamp:4 Lernaean hydra


Innate Abilities, Weirdness & Mutations

You reflexively headbutt those who attack you in melee.
You have a pair of horns on your head.


Message History

The five-headed hydra misses you!
The five-headed hydra completely misses butt!
You block the five-headed hydra's attack!
Unknown command!
Okay, then!
Okay, then!
Okay, butt!
You feel very sick!
You block the 27-headed Lernaean hydra's attack!
The 27-headed Lernaean hydra completely misses you!
The 27-headed Lernaean hydra barely misses you!
The 27-headed Lernaean hydra closely misses you!
The 27-headed Lernaean hydra completely misses you!
The 27-headed Butt hydra misses butt!
The 27-headed Lernaean hydra completely butts you!
The 27-headed Lernaean hydra completely misses you!
You block the 27-headed Lernaean hydra's attack!
The 27-headed Lernaean hydra completely misses you!
The 27-headed Lernaean hydra bites you!!! rip

≈≈≈≈.≈≈≈≈≈D...§...≈≈.♣ ♣.≈≈.♣♣
≈≈≈≈..≈≈≈...≈≈≈..≈≈≈.♣♣ ♣.≈≈.♣♣
.≈≈≈≈..≈≈...≈≈≈.≈≈≈≈..♣♣ ♣♣♣...♣
.≈≈≈≈≈≈≈≈≈..≈≈≈≈≈≈≈≈≈.≈♣♣♣.§≈≈♣♣♣
≈≈≈≈≈≈≈≈≈≈......<≈≈≈≈≈§..≈§≈≈≈≈≈♣
.≈≈♣♣≈≈≈#≈.[..♣♣♣≈≈≈≈≈≈.≈≈.♣≈≈.♣♣
.♣♣♣♣♣≈≈≈.≈.D..♣♣≈≈≈≈.≈..♣♣♣.≈.♣♣
♣♣ ♣♣≈.♣§#§§§≈≈≈≈≈.§≈.≈≈♣♣♣≈♣.≈
♣♣ ♣♣♣..≈.≈DD@♣..♣.♣♣≈≈♣ ♣≈.).
♣≈.♣♣♣♣♣...§D.♣♣♣≈≈...♣♣♣ ♣.≈≈.
#####≈.♣♣♣..≈♣♣♣♣♣≈...≈.♣ ♣.≈≈♣
≈≈≈####≈♣♣.§.♣ ♣♣.≈≈♣♣♣♣♣ ♣...≈
#.§≈#[†..†...♣♣ ♣≈....♣♣≈♣♣ ♣.≈≈.
..≈≈DD÷.≈≈≈.D≈♣♣♣♣≈..≈♣≈≈≈♣ ♣.≈.♣
≈≈≈≈##..≈≈≈....♣..≈..♣....♣♣♣♣..≈
≈#######.♣♣≈.≈...≈≈≈♣......♣ ♣..♣
≈# ##≈.♣♣♣≈≈.≈)..§.(...♣≈.♣♣♣♣♣♣


You could see the 27-headed Lernaean hydra, a five-headed hydra and 2 swamp
dragons.

Vanquished Creatures
  Saint Roka (Orc:2)
  2 thorn hunters
  The ghost of EnragedPepe the Tortoise, an adept MiSk of Makhleb (Snake:3)
  4 nagarajas
  A storm dragon (D:12)
  A frost giant (D:15)
  A stone giant (Orc:2)
  A very ugly thing (Swamp:4)
  Azrael (D:15)
  Josephine (D:11)
  Harold (Lair:2)
  Erolcha (D:12)
  13 hydras
  2 catoblepae (D:15)
  7 naga warriors
  An ice dragon (D:15)
  2 centaur warriors
  5 anacondas
  8 two-headed ogres
  10 death yaks (Lair:6)
  9 alligators
  5 naga sharpshooters
  4 shock serpents
  Urug (D:12)
  Nergalle (D:11)
  The ghost of 4thArraOfDagon the Fighter, a novice HOAE of Beogh (D:8)
  Sonja (Lair:4)
  5 orc high priests (Orc:2)
  2 deep elf knights (Elf:1)
  5 skeletal warriors
  A salamander mystic (Snake:3)
  2 sea snakes (Snake:2)
  2 wizards
  3 naga ritualists
  2 spriggan druids
  An unseen horror (D:13)
  2 shambling mangroves
  A swamp dragon (shapeshifter) (D:13)
  12 swamp dragons
  2 necromancers (D:14)
  2 deep elf archers (Elf:1)
  12 deep elf magi
  4 orc knights
  4 mana vipers
  2 ugly things (D:13)
  5 orc sorcerers (Orc:2)
  23 slime creatures
  3 cyclopes
  2 manticores
  7 salamanders
  3 guardian serpents
  15 black mambas
  A torpor snail (Lair:6)
  12 naga magi
  5 elephants (Lair:5)
  16 spiny frogs
  3 gargoyles
  Joseph (D:8)
  2 centaur zombies
  3 kobold demonologists (D:12)
  4 rime drakes
  A yaktaur (D:15)
  2 freezing wraiths (D:14)
  2 komodo dragons
  2 tengu conjurers
  An efreet (D:14)
  6 tyrant leeches
  3 meliai (D:14)
  2 polar bears (Lair:6)
  Prince Ribbit (D:5)
  2 trolls
  14 hornets
  14 blink frogs
  10 hippogriffs
  9 bog bodies
  4 dream sheep (Lair:6)
  3 fire elementals (D:15)
  4 shadows
  15 spriggans
  Sigmund (D:3)
  A vampire (D:15)
  3 wraiths (D:11)
  20 yaks
  3 hungry ghosts
  5 basilisks
  5 vampire mosquitoes
  Edmund (D:6)
  2 wargs (D:12)
  13 insubstantial wisps
  15 water moccasins
  31 nagas
  20 swamp worms
  4 hell hounds (D:15)
  11 swamp drakes
  Duvessa (D:5)
  8 porcupines
  4 ice beasts
  47 orc warriors
  An eye of draining (D:14)
  12 ogres
  2 sky beasts (D:10)
  3 phantoms
  7 black bears
  5 boggarts (Lair:6)
  A necrophage (D:9)
  24 wolves
  9 crocodiles
  6 centaurs
  3 big kobolds
  21 bullfrogs
  Dowan (D:5)
  A water moccasin zombie (D:9)
  A scorpion (D:9)
  6 killer bees (D:7)
  10 wights
  The ghost of 4thArraOfDagon the Bolt Thrower, a weakling OpAM (D:3)
  3 electric eels
  3 howler monkeys
  6 crimson imps
  A quasit (D:8)
  5 jellies
  A bullfrog zombie (D:10)
  30 orc priests
  2 centaur skeletons
  6 hounds
  36 orc wizards
  4 bullfrog skeletons
  4 iguanas
  2 hell rats (Lair:3)
  8 worker ants
  A hound skeleton (D:9)
  A worker ant zombie (D:5)
  4 gnolls
  8 river rats (Lair:3)
  14 adders
  5 shadow imps
  12 white imps (D:11)
  An ooze (D:3)
  5 adder skeletons
  3 dart slugs
  9 leopard geckos
  135 orcs
  3 ball pythons
  5 bats
  7 giant cockroaches
  6 goblins
  6 hobgoblins
  7 jackals
  14 kobolds
  7 quokkas
  5 frilled lizards
  A leopard gecko skeleton (D:5)
  A quokka skeleton (D:4)
  9 rats
  A bush (Abyss:2)
1040 creatures vanquished.

Vanquished Creatures (others)
  A shambling mangrove (Swamp:2)
  A spiny frog (Swamp:2)
  A yak (IceCv)
  A human (D:3)
  2 orcs
  A demonic plant (Abyss:2)
  11 fungi
  11 plants
  5 starspawn tentacles (Abyss:2)
34 creatures vanquished.

Grand Total: 1074 creatures vanquished

Notes
Turn   | Place    | Note
-------+----------+-------------------------------------------
     0 | D:1      | Gorglomux the Minotaur Transmuter began the quest for the Orb.
     0 | D:1      | Reached XP level 1. HP: 16/16 MP: 1/1
   151 | D:1      | Reached XP level 2. HP: 23/23 MP: 3/3
   193 | D:1      | Reached skill level 1 in Armour
   413 | D:1      | Reached skill level 2 in Fighting
   571 | D:1      | Reached XP level 3. HP: 29/29 MP: 4/4
  1240 | D:2      | Found a bloodstained altar of Trog.
  1290 | D:2      | Reached skill level 3 in Dodging
  1381 | D:2      | Reached XP level 4. HP: 37/37 MP: 5/5
  1821 | D:3      | Reached skill level 3 in Fighting
  1827 | D:3      | Found an ancient bone altar of Kikubaaqudgha.
  1830 | D:3      | Noticed a human
  1831 | D:3      | Killed a human
  1908 | D:3      | You fall through a shaft for 2 floors!
  1908 | D:5      | Entered Level 5 of the Dungeon
  2044 | D:5      | Noticed a sky beast
  2093 | D:5      | Reached XP level 5. HP: 29/45 MP: 6/6
  2499 | D:5      | Reached skill level 3 in Armour
  2579 | D:4      | Found Kieng's Armour Shop.
  2687 | D:4      | Found an iron altar of Okawaru.
  2706 | D:4      | Found Jemaf's Antique Armour Shop.
  2713 | D:4      | Became a worshipper of Warmaster Okawaru
  2942 | D:3      | Noticed 4thArraOfDagon's ghost (weakling OpAM)
  2960 | D:3      | Killed 4thArraOfDagon's ghost
  2960 | D:3      | Reached XP level 6. HP: 34/52 MP: 7/7
  3011 | D:3      | Noticed Sigmund
  3305 | D:3      | Killed Sigmund
  3305 | D:3      | Reached skill level 4 in Fighting
  3465 | D:3      | Reached XP level 7. HP: 60/60 MP: 8/8
  3772 | D:4      | Found Jiyjyon's Antique Weapon Boutique.
  4033 | D:4      | Found Kofihin's Gadget Shoppe.
  4036 | D:4      | Bought a wand of iceblast (9) for 143 gold pieces
  4902 | D:5      | Reached * piety under Okawaru
  5287 | D:5      | Reached skill level 5 in Fighting
  5426 | D:6      | Noticed Prince Ribbit
  5453 | D:5      | Reached skill level 1 in Shields
  5461 | D:5      | Reached skill level 6 in Unarmed Combat
  5461 | D:5      | Reached XP level 8. HP: 54/69 MP: 7/9
  5972 | D:5      | Reached skill level 6 in Fighting
  6010 | D:5      | Killed Prince Ribbit
  6010 | D:5      | Reached skill level 6 in Dodging
  6010 | D:5      | Reached skill level 3 in Shields
  6302 | D:6      | Reached ** piety under Okawaru
  6315 | D:6      | Noticed Duvessa
  6322 | D:6      | Noticed Dowan
  6334 | D:5      | Killed Duvessa
  6344 | D:5      | Killed Dowan
  6592 | D:6      | Found Xuaxte's Antique Armour Boutique.
  6612 | D:6      | Reached skill level 7 in Fighting
  6838 | D:6      | Found a staircase to the Ecumenical Temple.
  6871 | D:6      | Reached XP level 9. HP: 79/79 MP: 7/10
  6958 | D:6      | Noticed Edmund
  6965 | D:6      | Killed Edmund
  7918 | D:7      | Noticed a two-headed ogre
  7929 | D:7      | Killed a two-headed ogre
  7929 | D:7      | Reached *** piety under Okawaru
  8041 | D:7      | Reached skill level 8 in Fighting
  8041 | D:7      | Reached skill level 6 in Shields
  8244 | D:7      | Found an iron altar of Okawaru.
  8745 | D:7      | Reached XP level 10. HP: 75/90 MP: 8/11
  8817 | D:7      | Reached **** piety under Okawaru
  9005 | D:8      | Reached skill level 9 in Fighting
  9033 | D:8      | Noticed 4thArraOfDagon's ghost (novice HOAE)
  9060 | D:8      | Killed 4thArraOfDagon's ghost
  9060 | D:8      | Reached skill level 9 in Unarmed Combat
  9325 | D:8      | Noticed Joseph
  9345 | D:8      | Killed Joseph
  9529 | D:8      | Noticed a two-headed ogre
  9545 | D:8      | Killed a two-headed ogre
  9545 | D:8      | Reached skill level 9 in Dodging
 10079 | D:9      | Reached skill level 10 in Fighting
 10255 | D:9      | Noticed a two-headed ogre
 10262 | D:9      | Killed a two-headed ogre
 10262 | D:9      | Reached ***** piety under Okawaru
 10262 | D:9      | Reached XP level 11. HP: 100/100 MP: 9/12
 10374 | D:9      | Noticed a two-headed ogre
 10384 | D:9      | Killed a two-headed ogre
 10384 | D:9      | Reached skill level 9 in Shields
 10797 | D:10     | Entered Level 10 of the Dungeon
 11536 | D:11     | Found a staircase to the Lair.
 11556 | D:11     | Noticed Josephine
 11775 | D:11     | Found a frozen archway.
 11807 | D:11     | Killed Josephine
 11807 | D:11     | Reached skill level 11 in Fighting
 11807 | D:11     | Reached skill level 1 in Invocations
 12082 | IceCv    | Entered an ice cave
 12090 | IceCv    | Received a gift from Okawaru
 12253 | D:11     | Found a shadowy altar of Dithmenos.
 12274 | D:11     | Noticed Nergalle
 12294 | D:11     | Killed Nergalle
 12304 | D:11     | HP: 1/102 [gargoyle/stone arrow (8)]
 12978 | D:12     | Reached skill level 3 in Invocations
 13376 | Lair:1   | Entered Level 1 of the Lair of Beasts
 13497 | Lair:1   | Noticed an oklob plant
 13552 | Lair:1   | Noticed a four-headed hydra
 13606 | Lair:1   | Killed a four-headed hydra
 13606 | Lair:1   | Reached XP level 12. HP: 59/111 MP: 13/13
 13920 | Lair:1   | Noticed a four-headed hydra
 13931 | Lair:1   | Killed a four-headed hydra
 14212 | Lair:1   | Reached skill level 12 in Fighting
 14393 | Lair:2   | Noticed a four-headed hydra
 14400 | Lair:2   | Killed a four-headed hydra
 14400 | Lair:2   | Received a gift from Okawaru
 14659 | Lair:2   | Found a labyrinth entrance.
 14878 | Lair:2   | Found a staircase to the Snake Pit.
 15228 | Lair:2   | Noticed Harold
 15249 | Lair:2   | Killed Harold
 15327 | Lair:2   | Reached skill level 12 in Unarmed Combat
 15466 | Lair:2   | Found a staircase to the Swamp.
 15610 | Lair:3   | Received a gift from Okawaru
 15631 | Lair:3   | Identified the Collected Works on Curses
 15793 | Lair:3   | Reached skill level 6 in Invocations
 15807 | Lair:3   | Reached skill level 12 in Dodging
 16314 | Lair:4   | Noticed Sonja
 16322 | Lair:4   | Killed Sonja
 16859 | Lair:4   | Reached ****** piety under Okawaru
 16972 | Lair:4   | Reached skill level 13 in Fighting
 16972 | Lair:4   | Reached XP level 13. HP: 92/122 MP: 16/16
 17478 | Lair:5   | Got a coiled lapis lazuli ring
 17538 | Lair:5   | Found a staircase to the Slime Pits.
 18519 | Lair:6   | Entered Level 6 of the Lair of Beasts
 18619 | Lair:6   | Received a gift from Okawaru
 19620 | Lair:6   | Found a burning altar of Makhleb.
 19758 | Lair:6   | Reached skill level 14 in Fighting
 19828 | Lair:6   | HP: 4/124 [hornet (7)]
 19839 | Lair:5   | HP: 6/124 [poisoned by a hornet]
 19845 | Lair:5   | HP: 5/124 [poisoned by a hornet]
 19853 | Lair:5   | HP: 4/124 [poisoned by a hornet]
 19861 | Lair:5   | HP: 4/124 [poisoned by a hornet]
 20951 | Lair:6   | Reached XP level 14. HP: 108/132 MP: 19/19
 22205 | D:12     | Found a staircase to the Orcish Mines.
 22333 | D:12     | Noticed Erolcha
 22350 | D:12     | Killed Erolcha
 22462 | D:12     | Noticed Urug
 22865 | D:12     | Killed Urug
 22865 | D:12     | Received a gift from Okawaru
 22873 | D:12     | Noticed a storm dragon
 23325 | D:12     | Killed a storm dragon
 23325 | D:12     | Reached skill level 9 in Invocations
 23504 | D:12     | Identified the ring of Ynakho {MP+9 Slay+2} (You found it on level 5 of the Lair of Beasts)
 24577 | D:14     | Reached skill level 15 in Fighting
 24580 | D:14     | Received a gift from Okawaru
 26079 | D:14     | Found a gate to the Vaults.
 26256 | D:15     | Entered Level 15 of the Dungeon
 26328 | D:15     | Noticed Azrael
 26345 | D:15     | Killed Azrael
 26632 | D:15     | Found a portal to a secret trove of treasure.
 26808 | D:15     | Reached XP level 15. HP: 124/143 MP: 20/20
 27111 | D:15     | Cast into level 2 of the Abyss (a wizard)
 27111 | Abyss:2  | Found a corrupted altar of Lugonu.
 27128 | Abyss:2  | Noticed a tentacled starspawn
 27157 | D:15     | Escaped the Abyss
 27178 | D:15     | Reached skill level 15 in Unarmed Combat
 27445 | D:15     | Found a staircase to the Depths.
 27445 | D:15     | Noticed a frost giant
 27451 | D:15     | Killed a frost giant
 27596 | D:15     | Reached skill level 16 in Fighting
 27714 | Orc:1    | Entered Level 1 of the Orcish Mines
 27801 | Orc:2    | Entered Level 2 of the Orcish Mines
 27848 | Orc:2    | Received a gift from Okawaru
 28035 | Orc:2    | Reached skill level 15 in Dodging
 28194 | Orc:2    | Found a roughly hewn altar of Beogh.
 28279 | Orc:2    | Found Eczij's Food Boutique.
 28301 | Orc:2    | Found Liseuhaf's Armour Shop.
 28877 | Orc:2    | Found a staircase to the Elven Halls.
 29090 | Orc:2    | Found Neggaac's Assorted Antiques.
 29139 | Orc:2    | Found a roughly hewn altar of Beogh.
 29139 | Orc:2    | Noticed Saint Roka
 29509 | Orc:2    | Killed Saint Roka
 29901 | Orc:2    | Found Ovele's Antique Armour Shoppe.
 30348 | Elf:1    | Entered Level 1 of the Elven Halls
 30976 | Snake:1  | Entered Level 1 of the Snake Pit
 31278 | Snake:1  | Received a gift from Okawaru
 31452 | Snake:1  | Noticed a nagaraja
 32130 | Snake:1  | Killed a nagaraja
 32130 | Snake:1  | Reached skill level 17 in Fighting
 32827 | Snake:2  | Noticed a nagaraja
 33529 | Snake:2  | Found an ornate altar of the Wu Jian Council.
 33571 | Snake:2  | Reached XP level 16. HP: 131/155 MP: 21/21
 35751 | Snake:3  | Noticed EnragedPepe's ghost (adept MiSk)
 35773 | Snake:3  | Killed EnragedPepe's ghost
 35808 | Snake:3  | Received a gift from Okawaru
 36831 | Snake:4  | Entered Level 4 of the Snake Pit
 36979 | Swamp:1  | Entered Level 1 of the Swamp
 37884 | D:4      | Bought the +2 robe of Vines {NoPotionHeal Regen+7} for 1920 gold pieces
 37884 | D:4      | Found the +2 robe of Vines {NoPotionHeal Regen+7}
 38215 | Swamp:2  | Reached skill level 18 in Fighting
 38468 | Swamp:2  | Reached skill level 12 in Shields
 38570 | Swamp:2  | Identified the Papyrus of the Blaze and Moulding
 38716 | Swamp:2  | Received a gift from Okawaru
 39071 | Swamp:3  | Reached XP level 17. HP: 163/163 MP: 22/22
 39109 | Swamp:3  | Noticed Mara
 39113 | Swamp:3  | Noticed Gorglomux's illusion
 39122 | Swamp:3  | HP: 7/165 [Mara/demon blade of pain (27)]
 39128 | Swamp:3  | HP: 8/247 [spriggan rider/spear (9)]
 39345 | Swamp:3  | Noticed Gorglomux's illusion
 39906 | Swamp:4  | Entered Level 4 of the Swamp
 40853 | Swamp:4  | Noticed the 27-headed Lernaean hydra
 40942 | Swamp:4  | HP: 4/166 [the 27-headed Lernaean hydra (13)]
 40943 | Swamp:4  | Mangled by the 27-headed Lernaean hydra

Vault maps used:
D:1:      lightli_arrival_boilingwater
D:2:      bloody_trog, first_ration
D:3:      tgw_kikubaaqudgha, uniq_sigmund
D:4:      serial_shops, shop, kennysheep_little_box, kennysheep_mini_moat, shop,
          gup_sewer_entry_bubbles, okawaru_trees_1
D:5:      hangedman_minor_gate_pass
D:6:      minmay_temple_entry_grid, serial_shops, nicolae_shop_waterfront,
          lightli_minifort, uniq_edmund, uniq_prince_ribbit1, uniq_duvessa
D:7:      basic_altar
D:8:      grunt_pizzeria, uniq_joseph
D:10:     serial_glass, glass_columns_a, glass_columns_b
D:11:     lair_entry_dummy, portal_ice_cave_entry_imps,
          nicolae_dithmenos_through_a_glass_darkly, uniq_josephine,
          uniq_nergalle
D:12:     erik_orc_4, kennysheep_just_a_vault, uniq_erolcha, uniq_urug
D:13:     special_room, kennysheep_another_room
D:14:     david_vaults_1, roderic_lattice_octagonal_star, elves_outpost_lemuel
D:15:     grunt_enter_depths_snipers, enter_trove_3, uniq_azrael
Lair:1:   minmay_lair_oklob_chamber
Lair:2:   minmay_swamp_entry_worms, minmay_snake_entry_guardpost_medium,
          lab_entry_generic, uniq_harold
Lair:3:   columned_hall_lemuel, kennysheep_rathole, lemuel_fruit_tree
Lair:4:   st_stairs_8, serial_bayou_shore_b, uniq_sonja
Lair:5:   minmay_slime_entry_pillars
Lair:6:   minmay_lair_end_enchanted_forest, basic_altar
Swamp:1:  serial_swamp_ruin, evilmike_swamp_ruin_house_3,
          evilmike_swamp_ruin_house_5
Swamp:2:  evilmike_swamp_ruin_house_2, swamp_pool1
Swamp:3:  nicolae_swamp_fairy_circle, uniq_mara
Swamp:4:  swamp_old_school
Snake:1:  nrook_loot_triangle
Snake:2:  minmay_snake_river, basic_altar, serial_bayou_shore_a
Snake:4:  johnstein_snake_rune_scales, serial_shops, nicolae_shop_waterfront,
          shop, shop
Orc:1:    special_room
Orc:2:    pubby_orc_utopia
Elf:1:    mu_enter_wizlab_4, evilmike_minifort, uniq_nikola
Abyss:2:  hangedman_abyss_or_decor_lesser_grid, evilmike_abyss_exit_plants,
          grunt_abyss_exit_deep_breaths
IceCv:    ice_cave_caverns_02

Skill      XL: |  1  2  3  4  5  6  7  8  9 10 11 12 13 14 15 16 17 |
---------------+----------------------------------------------------+-----
Armour         | 1 2 3 4 |  4.9
Fighting       | 2 3 4 5 7 8 10 11 13 14 15 17 18 | 18.7
Dodging        | 3 4 5 6 8 9 11 12 13 14 15 16 17 | 17.4
Unarmed Combat | 4 5 6 7 8 10 11 12 13 14 16 17 | 17.6
Shields        | 1 4 6 8 9 10 12 13 | 13.1
Invocations    | 3 6 8 9 |  9.0
Spellcasting   | |  1.3
Transmutations | |  1.5

Action                   |  1- 3 |  4- 6 |  7- 9 | 10-12 | 13-15 | 16-18 || total
-------------------------+-------+-------+-------+-------+-------+-------++-------
Melee: Unarmed           |   111 |   152 |   310 |   892 |  1745 |   972 ||  4182
       Headbutt          |    14 |    25 |    51 |   164 |   369 |   235 ||   858
       Punch             |     1 |     2 |     5 |    18 |       |       ||    26
       Kick              |       |     1 |       |       |       |       ||     1
Throw: Throwing net      |       |       |       |       |     1 |       ||     1
 Cast: Beastly Appendage |     2 |     1 |       |       |       |       ||     3
Invok: Heroism           |       |       |    15 |    27 |    46 |    23 ||   111
       Finesse           |       |       |       |     1 |    18 |     3 ||    22
Evoke: Wand              |       |     3 |     8 |     3 |     5 |     9 ||    28
       Phantom mirror    |       |       |       |       |     1 |       ||     1
  Use: Scroll            |       |     5 |     2 |    17 |    14 |     7 ||    45
       Potion            |       |       |       |     3 |     3 |     6 ||    12
 Stab: Paralysed         |       |     5 |       |     3 |       |       ||     8
       Held in net/web   |       |       |       |       |     1 |       ||     1
  Eat: Chunk             |     2 |     4 |    12 |    23 |    31 |    17 ||    89
       Ration            |       |     1 |     1 |     3 |     7 |     2 ||    14
Armor: Robe              |    21 |     7 |       |       |       |    64 ||    92
       Chain mail        |       |    40 |   149 |   306 |   208 |       ||   703
       Skin              |       |       |       |     7 |       |    18 ||    25
       Storm dragon scal |       |       |       |       |   303 |   100 ||   403
Dodge: Dodged            |    70 |    83 |   156 |   386 |   645 |   673 ||  2013
       Deflected         |       |       |       |    13 |       |       ||    13
Block: Shield            |       |       |       |   204 |   925 |   517 ||  1646

Table legend:
 A = Spawn XP
 B = Non-spawn XP
 C = Spawn XP percentage of total XP
 D = Spawn monster count
 E = Non-spawn monster count
 F = Spawn count percentage of total count
 G = Total turns spent on level
                    A         B        C        D         E        F      G
               +---------+---------+-------+---------+---------+-------+---------
         Total |       0 |  254679 |   0.0 |       0 |    1041 |   0.0 | 40943
               +---------+---------+-------+---------+---------+-------+---------
           D:1 |       0 |      45 |   0.0 |       0 |      23 |   0.0 |   665
           D:2 |       0 |      55 |   0.0 |       0 |      18 |   0.0 |   795
           D:3 |       0 |     454 |   0.0 |       0 |      17 |   0.0 |  1204
           D:4 |       0 |     154 |   0.0 |       0 |      13 |   0.0 |  1735
           D:5 |       0 |    1682 |   0.0 |       0 |      39 |   0.0 |  2148
           D:6 |       0 |     874 |   0.0 |       0 |      24 |   0.0 |  1476
           D:7 |       0 |    2982 |   0.0 |       0 |      29 |   0.0 |  1073
           D:8 |       0 |    3258 |   0.0 |       0 |      21 |   0.0 |  1126
           D:9 |       0 |    3142 |   0.0 |       0 |      28 |   0.0 |   778
          D:10 |       0 |    1851 |   0.0 |       0 |      32 |   0.0 |   968
          D:11 |       0 |    4815 |   0.0 |       0 |      44 |   0.0 |  2119
          D:12 |       0 |    8598 |   0.0 |       0 |      47 |   0.0 |  1330
          D:13 |       0 |    6970 |   0.0 |       0 |      48 |   0.0 |  1320
          D:14 |       0 |   16701 |   0.0 |       0 |      51 |   0.0 |  1464
          D:15 |       0 |   12761 |   0.0 |       0 |      34 |   0.0 |  1355
        Lair:1 |       0 |    5273 |   0.0 |       0 |      17 |   0.0 |  1022
        Lair:2 |       0 |    6739 |   0.0 |       0 |      27 |   0.0 |  1285
        Lair:3 |       0 |    2634 |   0.0 |       0 |      20 |   0.0 |   868
        Lair:4 |       0 |    3630 |   0.0 |       0 |      15 |   0.0 |  1047
        Lair:5 |       0 |    6349 |   0.0 |       0 |      21 |   0.0 |  1948
        Lair:6 |       0 |   20789 |   0.0 |       0 |      69 |   0.0 |  2445
       Swamp:1 |       0 |    5093 |   0.0 |       0 |      21 |   0.0 |   748
       Swamp:2 |       0 |   13827 |   0.0 |       0 |      36 |   0.0 |   847
       Swamp:3 |       0 |   14359 |   0.0 |       0 |      31 |   0.0 |   916
       Swamp:4 |       0 |   25865 |   0.0 |       0 |      59 |   0.0 |  1037
       Snake:1 |       0 |    7499 |   0.0 |       0 |      15 |   0.0 |  2113
       Snake:2 |       0 |   28943 |   0.0 |       0 |      61 |   0.0 |  2733
       Snake:3 |       0 |   20151 |   0.0 |       0 |      34 |   0.0 |  1094
       Snake:4 |       0 |     560 |   0.0 |       0 |       1 |   0.0 |    21
         Orc:1 |       0 |     797 |   0.0 |       0 |       6 |   0.0 |    93
         Orc:2 |       0 |   22576 |   0.0 |       0 |     129 |   0.0 |  2991
         Elf:1 |       0 |    4616 |   0.0 |       0 |       7 |   0.0 |   101
         IceCv |       0 |     637 |   0.0 |       0 |       4 |   0.0 |    32
               +---------+---------+-------+---------+---------+-------+---------
